 Dungeon Crawl Stone Soup version 0.31-a0-246-g8cbcc1c (webtiles) character file.

Game seed: 13281848900907531511

32757 BingusPrime the Grappler (level 13, -5/127 HPs)
             Began as a Troll Shapeshifter on July 12, 2023.
             Was a Believer of Uskayaw.
             Slain by a nine-headed hydra (12 damage)
             ... on level 4 of the Lair of Beasts.
             The game lasted 00:29:11 (12399 turns).

BingusPrime the Grappler (Troll Shapeshifter)      Turns: 12399, Time: 00:29:13

Health: -5/127     AC:  7    Str: 34    XL:     13   Next: 33%
Magic:  13/13      EV: 14    Int:  4    God:    Uskayaw [**....]
Gold:   776        SH:  0    Dex: 18    Spells: 12/12 levels left

rFire   . .          .
                       - Unarmed
rCold   . . .        (no shield)
rNeg    . . .        M - +0 steam dragon scales
rPois   .            (helmet currently unavailable)
rElec   .            (cloak currently unavailable)
rCorr   .            (gloves unavailable)
SInv    +            (boots unavailable)
Will    .....        L - amulet of magic regeneration
Stlth   ++           i - +6 ring of strength
HPRegen 1.21/turn    N - +6 ring of dexterity
MPRegen 0.53/turn

%: no passive effects
@: beast-form
A: beast (slay +7), large, unfitting armour, claws 3, regeneration 1, shaggy fur
1, tough skin 1, see invisible, noise suppression
a: Renounce Religion, Stomp, Line Pass


You were on level 4 of the Lair of Beasts.
You worshipped Uskayaw.
Uskayaw was noncommittal.
You were a hulking beast.
You visited 3 branches of the dungeon, and saw 15 of its levels.
You also visited: Sewer.

You collected 776 gold pieces.

Inventory:

Missiles
 r - 6 boomerangs
 I - 2 throwing nets
Armour
 a - a +0 animal skin
 B - a scarf of repulsion
 M - +0 steam dragon scales (worn)
 Q - a +2 cloak
Jewellery
 i - a +6 ring of strength (left claw)
 L - an amulet of magic regeneration (around neck)
 N - a +6 ring of dexterity (right claw)
 O - a ring of ice
 P - a ring of ice
 R - a ring of protection from fire
 S - a +6 ring of dexterity
Talismans
 c - a beast talisman
 V - a blade talisman
Wands
 y - a wand of mindburst (16)
 E - a wand of quicksilver (2)
 J - a wand of flame (23)
 K - a wand of roots (16)
Scrolls
 d - 2 scrolls of enchant weapon {unknown}
 f - a scroll of brand weapon {unknown}
 g - a scroll of identify
 h - 2 scrolls of fog {unknown}
 k - 2 scrolls of blinking
 n - a scroll of butterflies {unknown}
 q - 4 scrolls of teleportation {unknown}
 s - 3 scrolls of enchant armour {unknown}
 t - 2 scrolls of noise {unknown}
 w - 3 scrolls of revelation
 x - 2 scrolls of immolation {unknown}
 z - 4 scrolls of vulnerability {unknown}
 F - 2 scrolls of amnesia {unknown}
 G - 2 scrolls of fear {unknown}
 W - a scroll of poison {unknown}
Potions
 b - a potion of lignification
 j - 3 potions of attraction
 l - 3 potions of mutation
 m - 5 potions of curing
 o - 5 potions of cancellation
 p - a potion of might {unknown}
 u - a potion of brilliance {unknown}
 v - a potion of magic {unknown}
 A - a potion of degeneration {unknown}
 C - 3 potions of berserk rage {unknown}
 D - 5 potions of enlightenment
 H - a potion of haste {unknown}
Miscellaneous
 T - a lightning rod (4/4)
 U - a phial of floods


   Skills:
 + Level 8.2 Fighting
 + Level 8.2 Dodging
 * Level 13.4 Unarmed Combat
 * Level 1.3 Invocations
 * Level 11.6 Shapeshifting


You had 12 spell levels left.
You didn't know any spells.
Your spell library contained the following spells:

 Spells                   Type           Power      Damage    Failure   Level
 Apportation              Tloc           0%         N/A       50%         1
 Magic Dart               Conj           0%         1d3       50%         1
 Necrotise                Necr           0%         1d4       50%         1
 Sandblast                Erth           0%         2d4       50%         1
 Shock                    Conj/Air       0%         1d3       50%         1
 Summon Small Mammal      Summ           0%         N/A       50%         1
 Call Imp                 Summ           0%         N/A       65%         2
 Cigotuvi's Dreadful Rot  Necr/Pois/Air  0%         N/A       65%         2
 Ensorcelled Hibernation  Hex/Ice        0%         N/A       65%         2
 Passwall                 Tmut/Erth      0%         N/A       65%         2
 Wereblood                Tmut           0%         N/A       65%         2
 Ignite Poison            Fire/Tmut/Pois 0%         N/A       86%         3
 Mephitic Cloud           Conj/Pois/Air  0%         N/A       86%         3
 Stone Arrow              Conj/Erth      0%         3d7       86%         3
 Swiftness                Air            0%         N/A       86%         3
 Airstrike                Air            0%         2d(0-16)  99%         4
 Anguish                  Hex/Necr       0%         N/A       99%         4
 Freezing Cloud           Conj/Ice/Air   0%         6-21      100%        5
 Irradiate                Conj/Tmut      0%         3d11      100%        5
 Summon Forest            Summ/Tloc      0%         N/A       100%        5
 Eringya's Noxious Bog    Tmut/Pois      0%         4d6       100%        6
 Summon Hydra             Summ           0%         N/A       100%        7


Dungeon Overview and Level Annotations

Branches:
Dungeon (10/15)            Temple (1/1) D:5            Lair (4/5) D:9
 Shoals (0/4) Lair:3       Spider (0/4) Lair:3          Orc (0/2) D:10
  Sewer (visited)
  Slime: Lair:4-5

Altars:
Ashenzari
Cheibriados
Dithmenos
Elyvilon
Fedhas
Gozag
Hepliaklqana
Kikubaaqudgha
Makhleb
Nemelex Xobeh
Okawaru
Qazlal
Ru
Sif Muna
Trog
Uskayaw
Vehumet
Wu Jian
Xom
Yredelemnul
Zin
The Shining One

Shops:
D:9 (

Annotations:
D:2 1 runed translucent door, Crazy Yiuf
D:8 1 runed translucent door, Ubbricas's ghost, novice FoHu


Innate Abilities, Weirdness & Mutations

You are a hulking beast.
Your limbs bulge with bestial killing power. (Slay +7)
You are too large for most types of armour.
You have claws for hands.
Your natural rate of healing is unusually fast.
You are covered in fur. (AC +1)
You have tough skin. (AC +1)
You have supernaturally acute eyesight. (SInv)
You passively dampen the noise of your surroundings.


Message History

The six-headed hydra enters a dispersal trap!
The cane toad blinks! x3; You blink.
The six-headed hydra blinks!
You see here a wyvern corpse.
You tear one of the six-headed hydra's heads off!
The five-headed hydra grows two more!
You mangle the seven-headed hydra!!
The seven-headed hydra is heavily wounded.
You tear one of the seven-headed hydra's heads off!
The six-headed hydra grows two more!
You mangle the eight-headed hydra!!
The eight-headed hydra is severely wounded.
The eight-headed hydra bites you.
The eight-headed hydra completely misses you.
The eight-headed hydra bites you! The eight-headed hydra misses you. x2
The eight-headed hydra barely misses you.
The eight-headed hydra bites you. x2
You can now pass through a line of other dancers.
You tear one of the eight-headed hydra's heads off!
The seven-headed hydra grows two more!
You scratch the nine-headed hydra.
The nine-headed hydra is severely wounded.
The cane toad stings you. The nine-headed hydra bites you!
The nine-headed hydra bites you.
* * * LOW HITPOINT WARNING * * *
The nine-headed hydra barely misses you.
The nine-headed hydra bites you.
* * * LOW HITPOINT WARNING * * *
The nine-headed hydra bites you but does no damage.
The nine-headed hydra bites you.
* * * LOW HITPOINT WARNING * * *
The nine-headed hydra completely misses you.
The nine-headed hydra bites you!
* * * LOW HITPOINT WARNING * * *
The nine-headed hydra bites you!
* * * LOW HITPOINT WARNING * * *
You feel better. The cane toad barely misses you.
The nine-headed hydra bites you.
* * * LOW HITPOINT WARNING * * *
The nine-headed hydra bites you.
* * * LOW HITPOINT WARNING * * *
The nine-headed hydra closely misses you.
The nine-headed hydra bites you!
You die...

###^.###~†.###........§§≈
##.F...†##....##.......P≈≈
##^.####..##..≈.##......#≈§
##..##..##..##~...#.......##
#.†##≈..≈##..#^..~# ....
#.†#..##.$#..#.~~.# .###
#!.#≈.>.§§#..#≈...# #
#..#≈w.}.§#F.#~...#
#..†F.##§§#h.#.~~.#
#..##≈..§##D.#...~# ##..
..##).##~...#
##..####^.##..≈.##
#......##....##
...##§†###~..### ###....###
#...^..### ########


You could see a nine-headed hydra and a cane toad.

Vanquished Creatures
  Gastronok (Lair:1)
  Fannar (D:10)
  Erica (D:8)
  A centaur warrior (D:9)
  A boulder beetle (Lair:4)
  A skyshark (Lair:2)
  Amaemon (D:8)
  Pikel (D:5)
  2 harpies (Lair:3)
  An oklob plant (Lair:3)
  3 black mambas
  6 elephants
  An orange demon (D:8)
  8 cane toads
  3 komodo dragons
  A rime drake (Lair:2)
  2 polar bears
  The ghost of Tyrosin the Chopper, an amateur HORe of Okawaru (D:4)
  2 trolls
  2 hornets
  8 blink frogs
  14 dream sheep
  A jumping spider (Lair:3)
  A culicivora (Lair:3)
  2 basilisks (Lair:2)
  4 wyverns
  A shadow (D:9)
  A wraith (D:10)
  A redback (Lair:3)
  31 yaks
  Eustachio (D:5)
  5 vampire mosquitoes
  A steam dragon (D:9)
  An acid dragon (D:8)
  Duvessa (D:7)
  15 water moccasins
  2 sky beasts (D:8)
  2 ice beasts (D:8)
  4 orc warriors
  2 black bears
  An ogre (D:6)
  10 wolves
  5 centaurs
  A phantom (D:7)
  3 lemures (D:5)
  8 kobold brigands
  14 bullfrogs
  A scorpion (D:4)
  4 wights
  Dowan (D:7)
  4 killer bees (D:7)
  5 howler monkeys
  2 lava snakes (Lair:4)
  2 hounds
  2 jellies (D:8)
  9 orc priests
  Jessica (D:2)
  6 iguanas
  Natasha (thrice) (D:2)
  14 orc wizards
  4 hell rats (Lair:4)
  3 gnolls (D:5)
  10 adders
  3 river rats (Sewer)
  4 worms
  2 dart slugs
  41 orcs
  5 bats
  10 endoplasms
  5 giant cockroaches
  6 goblins (D:1)
  12 hobgoblins
  21 kobolds
  4 quokkas
  10 ball pythons
  4 frilled lizards
  16 rats
394 creatures vanquished.

Notes
Turn   | Place    | Note
-------+----------+-------------------------------------------
     0 | D:1      | BingusPrime the Troll Shapeshifter began the quest for the
                  | Orb.
     0 | D:1      | Reached XP level 1. HP: 19/19 MP: 0/0
   164 | D:1      | Reached XP level 2. HP: 28/28 MP: 1/1
   480 | D:1      | Reached XP level 3. HP: 35/35 MP: 2/2
   729 | D:2      | Found a hazy altar of Hepliaklqana.
   738 | D:2      | Noticed Natasha
   743 | D:2      | Killed Natasha
   743 | D:2      | Noticed Natasha
   744 | D:2      | Reached XP level 4. HP: 35/42 MP: 3/3
   748 | D:2      | Killed Natasha
   840 | D:2      | Reached skill level 3 in Unarmed Combat
   848 | D:2      | Noticed Natasha
   853 | D:2      | Killed Natasha
   854 | D:2      | Reached XP level 5. HP: 43/50 MP: 4/4
   998 | D:2      | Noticed Jessica
  1003 | D:2      | Killed Jessica
  1243 | D:2      | Found a runed translucent door.
  1244 | D:2      | Noticed Crazy Yiuf
  1424 | D:3      | Found a glowing drain.
  1443 | Sewer    | Entered a sewer
  1476 | Sewer    | Reached XP level 6. HP: 51/59 MP: 5/5
  1767 | Sewer    | Reached skill level 4 in Unarmed Combat
  1928 | Sewer    | Reached XP level 7. HP: 58/67 MP: 6/6
  2961 | D:4      | Found a runed translucent door.
  2963 | D:4      | Noticed Tyrosin's ghost (amateur HORe)
  3028 | D:4      | Found a shadowy altar of Dithmenos.
  3202 | D:4      | Killed Tyrosin's ghost
  3203 | D:4      | Reached skill level 5 in Unarmed Combat
  3203 | D:4      | Reached skill level 5 in Shapeshifting
  3203 | D:4      | Reached XP level 8. HP: 47/78 MP: 7/7
  3247 | D:5      | Entered Level 5 of the Dungeon
  3278 | D:5      | Found a staircase to the Ecumenical Temple.
  3312 | D:5      | Noticed Eustachio
  3321 | D:5      | Killed Eustachio
  3328 | Temple   | Entered the Ecumenical Temple
  3493 | Temple   | Became a worshipper of Uskayaw the Reveller
  3558 | D:5      | Reached * piety under Uskayaw
  3563 | D:5      | Reached ** piety under Uskayaw
  3593 | D:5      | Reached *** piety under Uskayaw
  3595 | D:5      | Reached **** piety under Uskayaw
  3603 | D:5      | Noticed Pikel
  3618 | D:5      | Killed Pikel
  3619 | D:5      | Reached skill level 6 in Unarmed Combat
  3859 | D:5      | Found a shimmering blue altar of Sif Muna.
  4210 | D:6      | Reached XP level 9. HP: 85/85 MP: 8/8
  4337 | D:6      | Reached skill level 7 in Unarmed Combat
  4867 | D:6      | Reached ***** piety under Uskayaw
  5145 | D:7      | Found a basalt altar of Yredelemnul.
  5237 | D:7      | Reached skill level 5 in Fighting
  5279 | D:7      | Noticed Dowan
  5281 | D:7      | Noticed Duvessa
  5284 | D:7      | Killed Dowan
  5285 | D:7      | Reached skill level 5 in Dodging
  5291 | D:7      | Killed Duvessa
  5503 | D:7      | Reached skill level 8 in Unarmed Combat
  5944 | D:8      | Paralysed by a hornet for 3 turns
  6037 | D:8      | Noticed Ubbricas's ghost (novice FoHu)
  6039 | D:8      | Found a runed translucent door.
  6164 | D:8      | Reached XP level 10. HP: 73/96 MP: 9/9
  6166 | D:8      | Found a glowing silver altar of Zin.
  6213 | D:8      | Noticed an orange demon
  6214 | D:8      | Noticed Amaemon
  6223 | D:8      | Killed an orange demon
  6235 | D:8      | Gained mutation: You have supernaturally acute eyesight.
                  | (SInv) [potion of mutation]
  6235 | D:8      | Gained mutation: You passively dampen the noise of your
                  | surroundings. [potion of mutation]
  6238 | D:8      | Killed Amaemon
  6347 | D:8      | Reached skill level 9 in Unarmed Combat
  6566 | D:8      | Noticed Erica
  6583 | D:8      | Killed Erica
  6825 | D:8      | Found a shimmering altar of Xom.
  6899 | D:8      | Reached ****** piety under Uskayaw
  6920 | D:8      | Reached skill level 10 in Unarmed Combat
  6922 | D:8      | Reached XP level 11. HP: 62/105 MP: 10/10
  7240 | D:9      | Found a staircase to the Lair.
  7243 | D:9      | Noticed a centaur warrior
  7319 | D:9      | Killed a centaur warrior
  7352 | D:9      | Found Mofoclu's Antique Weapon Shop.
  7390 | D:9      | Paralysed by a hornet for 3 turns
  8182 | D:10     | Entered Level 10 of the Dungeon
  8282 | D:10     | Noticed Fannar
  8296 | D:10     | Killed Fannar
  8297 | D:10     | Reached skill level 11 in Unarmed Combat
  8410 | D:10     | Found a burning altar of Makhleb.
  8480 | D:10     | Found a staircase to the Orcish Mines.
  8490 | D:10     | Found an iron altar of Okawaru.
  8673 | D:10     | Identified the +5 long sword of Slow Death {flame, rF+
                  | Int-3 Stlth+}
  8701 | D:10     | Found a sparkling altar of Nemelex Xobeh.
  8701 | D:10     | Found an opulent altar of Gozag.
  8857 | D:10     | Found a white marble altar of Elyvilon.
  8936 | Lair:1   | Entered Level 1 of the Lair of Beasts
  8950 | Lair:1   | Noticed Gastronok
  8965 | Lair:1   | Killed Gastronok
  9039 | Lair:1   | Reached skill level 10 in Shapeshifting
  9189 | Lair:1   | Reached XP level 12. HP: 118/118 MP: 11/11
 10013 | Lair:2   | Reached skill level 12 in Unarmed Combat
 11196 | Lair:3   | Found a hole to the Spider Nest.
 11409 | Lair:3   | Found a staircase to the Shoals.
 11525 | Lair:3   | Reached skill level 13 in Unarmed Combat
 11528 | Lair:3   | Reached XP level 13. HP: 108/127 MP: 12/12
 11752 | Lair:3   | Found a blossoming altar of Fedhas.
 12105 | Lair:4   | Identified the +5 dagger of Akuec {heavy, rPois Dex+2}
 12346 | Lair:4   | Reached skill level 1 in Invocations
 12398 | Lair:4   | HP: 6/127 [nine-headed hydra (12)]
 12399 | Lair:4   | Slain by a nine-headed hydra

Illustrated notes

Levels and vault maps discovered:
D:1:      minmay_arrival_three_doors, layout_loops_cross
D:2:      minmay_angry_zag, layout_basic, basic_altar, uniq_crazy_yiuf_cottage,
          uniq_natasha, uniq_jessica
D:3:      layout_basic, portal_sewer_entry_f, nicolae_the_louvre
D:4:      layout_loops_ring, mainiacjoe_overflow_chevrons,
          ebering_ghost_reflecting_pool
D:5:      layout_rooms, lemuel_doored_altar, minmay_temple_entry_junction_2,
          serial_bayou_pond_c, uniq_eustachio, uniq_pikel
D:6:      layout_loops_corners
D:7:      layout_basic, mainiacjoe_overflow_24_doors, uniq_duvessa
D:8:      layout_loops_ring, nicolae_overflow_crystal_walls, kennysheep_mini,
          hellmonk_ghost_big_iron, minmay_misc_feat_tiny, kennysheep_kite_vault,
          uniq_erica, uniq_amaemon
D:9:      layout_basic, lair_entry_dummy, serial_shops,
          nicolae_shop_tiny_real_fake_doors
D:10:     layout_loops_ring, lightli_temple_of_fire,
          nicolae_elyvilon_temple_path, okawaru_metal_pillars_1_2,
          grunt_temple_overflow_opulence, minmay_orc_entry_temple_small,
          st_stairs_8, uniq_fannar
Temple:   hellmonk_temple_forest_ring
Lair:1:   layout_loops_ring, enter_volcano_4, chequers_serial_rivers_micro_a,
          minivault_19, serial_bayou_shore_b, uniq_gastronok
Lair:2:   layout_cellular_growth, grunt_megastairs_3
Lair:3:   layout_misc_corridors, nicolae_shoals_entry_roost,
          spider_nest_entry_funnel_web, tgw_fedhas
Lair:4:   layout_gridlike, gauntlet_entry_generic, serial_bayou,
          serial_bayou_shore_b, serial_bayou_pond_a, serial_bayou_lake_a,
          serial_bayou_crossing, minmay_hedge_maze, nzn_random_ring

Skill      XL: |  1  2  3  4  5  6  7  8  9 10 11 12 13 |
---------------+----------------------------------------+-----
Dodging        | 2 3 4 5 6 7 8 |  8.2
Fighting       | 2 3 4 5 6 7 8 |  8.2
Unarmed Combat | 3 4 5 6 8 10 11 13 | 13.4
Shapeshifting  | 4 5 6 7 8 10 11 | 11.6
Invocations    | 1 |  1.3

Action                     |  1- 3 |  4- 6 |  7- 9 | 10-12 | 13-15 || total
---------------------------+-------+-------+-------+-------+-------++-------
  Melee: Unarmed           |    65 |   101 |   247 |   384 |    98 ||   895
         Punch             |       |       |     9 |    31 |    10 ||    50
  Throw: Boomerang         |       |       |       |     2 |       ||     2
 Invoke: Stomp             |       |       |     2 |    10 |     1 ||    13
         Line Pass         |       |       |       |     1 |       ||     1
         Grand Finale      |       |       |       |       |     1 ||     1
  Evoke: Wand              |       |       |       |     4 |       ||     4
    Use: Potion            |       |       |       |     6 |     2 ||     8
         Scroll            |       |       |       |     5 |     1 ||     6
   Stab: Sleeping          |       |       |     1 |       |     1 ||     2
         Paralysed         |       |       |     6 |    20 |     7 ||    33
 Armour: Animal skin       |    19 |    17 |    38 |    18 |       ||    92
         Skin              |       |       |       |    19 |       ||    19
         Steam dragon scal |       |       |       |    47 |    22 ||    69
         Troll leather arm |       |       |       |     3 |       ||     3
  Dodge: Dodged            |    21 |    34 |   107 |   169 |    50 ||   381

Table legend: (Time is in decaauts)
 A = Elapsed time spent in this place.
 B = Non-inter-level travel time spent in this place.
 C = Inter-level travel time spent in this place.
 D = Time resting spent in this place.
 E = Time spent auto-exploring this place.
 F = Levels seen in this place.
 G = Mean time per level.
                   A        B        C        D        E       F      G
               +--------+--------+--------+--------+--------+-----+--------+
         Total |  12275 |  11551 |    724 |    298 |   9168 |  16 |  767.2 |
       Dungeon |   8123 |   7674 |    449 |    202 |   6145 |  10 |  812.3 |
        Temple |    180 |    137 |     43 |      0 |    126 |   1 |  180.0 |
          Lair |   3401 |   3169 |    232 |     96 |   2492 |   4 |  850.2 |
         Sewer |    569 |    569 |      0 |      0 |    405 |   1 |  569.0 |
               +--------+--------+--------+--------+--------+-----+--------+

Top non-repeatable levels by time:
     D:8: 1358 daAuts
  Lair:1: 1128 daAuts
  Lair:2: 1023 daAuts
     D:6: 930 daAuts
     D:7: 920 daAuts
     D:9: 915 daAuts
  Lair:3: 848 daAuts
     D:2: 766 daAuts
    D:10: 732 daAuts
     D:4: 675 daAuts
     D:1: 633 daAuts
     D:5: 605 daAuts
     D:3: 584 daAuts
   Sewer: 569 daAuts
  Lair:4: 401 daAuts
